 Dungeon Crawl Stone Soup version 0.19.0-23-gf02e663 (webtiles) character file.

2277 ImaNewbie the Carver (level 9, -6/68 HPs)
             Began as a Demonspawn Gladiator on Nov 20, 2016.
             Was an Elder of Uskayaw.
             Splashed by a human's acid (10 damage)
             ... on level 7 of the Dungeon.
             The game lasted 00:32:36 (8172 turns).

ImaNewbie the Carver (Demonspawn Gladiator)         Turns: 8172, Time: 00:32:36

Health: -6/68      AC:  9    Str: 17      XL:     9   Next: 16%
Magic:  0/14       EV: 13    Int: 13      God:    Uskayaw [****..]
Gold:   204        SH:  0    Dex: 17 (18) Spells: 0 memorised, 8 levels left

rFire  . . .     SeeInvis .     a - +1 long sword
rCold  + . .     Gourm    .     H - +0 leather armour "Wufieh" {+Inv MR++ Regen+ Int+4} (curse)
rNeg   . . .     Faith    .     (no shield)
rPois  .         Spirit   +     c - +0 helmet
rElec  .         Reflect  .     o - +1 cloak
rCorr  .         Harm     .     p - +2 pair of gloves
MR     ++...                    (no boots)
Stlth  ++........               (no amulet)
                                (no ring)
                                u - ring of protection from cold

@: no status effects
A: talons 1, thin skeletal structure 2, clumsy 1, demonic guardian 1,
deterioration 1, mutation resistance 1, magic shield, MP-powered wands
a: Stomp, Line Pass, Renounce Religion, Evoke Invisibility


You were on level 7 of the Dungeon.
You worshipped Uskayaw.
Uskayaw was noncommittal.
You were very hungry.

You visited 2 branches of the dungeon, and saw 8 of its levels.
You also visited: Ossuary.

You collected 434 gold pieces.
You spent 230 gold pieces at shops.

Inventory:

Hand Weapons
 a - a +1 long sword (weapon)
 b - a +0 blowgun
Missiles
 d - 3 throwing nets (quivered)
 i - 8 needles of paralysis
 y - 34 poisoned needles
Armour
 c - a +0 helmet (worn)
 o - a +1 cloak (worn)
 p - a +2 pair of gloves (worn)
 H - the cursed +0 leather armour "Wufieh" (worn) {+Inv MR++ Regen+ Int+4}
   (You bought it in a shop on level 4 of the Dungeon)

   It affects your intelligence (+4).
   It affects your resistance to hostile enchantments.
   It lets you turn invisible.
   It increases your rate of regeneration.
   It has a curse placed upon it.
Jewellery
 u - a ring of protection from cold (left hand)
Wands
 C - a wand of disintegration (13/24)
 F - a wand of flame (27/48)
Scrolls
 e - a scroll of fog
 n - a scroll of fear
 t - a scroll of magic mapping
 v - a scroll of enchant armour
 w - a scroll of enchant weapon
 z - 3 scrolls of teleportation
 D - a scroll of remove curse
 J - a scroll of amnesia
Potions
 g - 2 potions of lignification
 h - a potion of heal wounds
 j - 2 potions of ambrosia
 k - 2 potions of cancellation
 l - 3 potions of brilliance
 m - a potion of flight
 r - 6 potions of curing
 A - a potion of agility
 B - 2 potions of might
 I - 2 potions of invisibility {unknown}
Books
 x - a book of Minor Magic

   Spells                             Type                      Level
   a - Magic Dart                     Conjuration                  1
   b - Blink                          Translocation                2
   c - Call Imp                       Summoning                    2
   d - Repel Missiles                 Charms/Air                   2
   e - Slow                           Hexes                        2
   f - Conjure Flame                  Conjuration/Fire             3
   g - Mephitic Cloud                 Conjuration/Poison/Air       3
 E - a book of Necromancy

   Spells                             Type                      Level
   a - Pain                           Necromancy                   1
   b - Animate Skeleton               Necromancy                   1
   c - Vampiric Draining              Necromancy                   3
   d - Regeneration                   Charms/Necromancy            3
   e - Animate Dead                   Necromancy                   4
   f - Control Undead                 Necromancy                   4
Comestibles
 f - 5 bread rations
 q - a beef jerky
 s - 4 fruits
 G - 3 meat rations


   Skills:
 + Level 5.5 Fighting
 - Level 9.3 Long Blades
 - Level 1.7 Throwing
 - Level 2.6 Dodging
 + Level 6.8 Invocations


You had 8 spell levels left.
You didn't know any spells.

Dungeon Overview and Level Annotations

Branches:
Dungeon (7/15)             Temple (1/1) D:4

Altars:
Ashenzari
Cheibriados
Dithmenos
Elyvilon
Fedhas
Gozag
Kikubaaqudgha
Makhleb
Nemelex Xobeh
Okawaru
Qazlal
Ru
Sif Muna
Uskayaw
Vehumet
Xom
Yredelemnul
Zin
The Shining One

Shops:
D:4 [   D:6 [(*!%


Innate Abilities, Weirdness & Mutations

You have sharp toenails.
You have a moderately thin skeletal structure. (Dex +4, Stealth+)
A weak demonic guardian rushes to your aid.
When hurt, damage is shared between your health and your magic reserves.
You are clumsy. (Dex -2)
Your body sometimes deteriorates upon taking damage.
You are somewhat resistant to further mutation.
You expend magic power (3 MP) to strengthen your wands.


Message History

You can't stand on top of the monster!
Aiming: Line Pass
Press: ? - help, Dir - move target cursor, f - human, p - human
Aim: a human, wielding a hunting sling and wearing a leather armour (heavily wounded, sharing its pain)
You can't stand on top of the monster!
Aiming: Line Pass
Press: ? - help, Dir - move target cursor, f - human, p - human
Aim: a human, wielding a hunting sling, wearing an animal skin and carrying a wand of acid {zapped: 1} (sharing its pain)
You can't stand on top of the monster!
Aiming: Line Pass
Press: ? - help, Dir - move target cursor, p - human You can't see that place. [the floor.]
Okay, then.
Okay, then.
The human zaps a wand.
The bolt of acid misses your quasit. The bolt of acid hits you!
* * * LOW HITPOINT WARNING * * *
You are splashed with acid!
The acid burns!
You die...

####################
#p5@(..............#
#p################.#
########.....# #.#
.......p####.# #.#
....o...# #.#
........+ #.#
........# #.#
###...... ###.#
.....#.. #....


You could see 2 humans and a friendly quasit.

Vanquished Creatures
  2 humans (D:7)
  A water moccasin (D:7)
  An orc warrior (D:5)
  A phantom (D:5)
  2 centaurs
  An ogre (D:6)
  An elf zombie (Ossuary)
  A big kobold (D:6)
  A gnoll sergeant (D:5)
  2 scorpions
  A centaur zombie (D:6)
  A centaur skeleton (D:6)
  A human zombie (Ossuary)
  7 orc priests
  Crazy Yiuf (D:2)
  Ijyb (D:2)
  Natasha (twice) (D:2)
  3 orc wizards
  2 worker ants
  A killer bee zombie (D:6)
  3 mummies
  Robin (D:2)
  8 gnolls
  7 adders
  3 shadow imps
  An ooze (D:6)
  3 adder zombies
  A worm (D:2)
  4 dart slugs
  2 leopard geckos
  20 orcs
  3 ball pythons
  2 giant cockroaches
  23 goblins
  9 hobgoblins
  3 jackals (D:1)
  A quokka (D:7)
  11 bats
  6 frilled lizards
  4 goblin zombies (Ossuary)
  9 hobgoblin zombies
  A jackal skeleton (D:5)
  14 kobolds
  8 kobold zombies
  11 orc zombies (Ossuary)
  7 rats
  2 rat zombies (Ossuary)
200 creatures vanquished.

Vanquished Creatures (collateral kills)
  The ghost of Rrauwl the Poker, an amateur HuFi (D:4)
  An ogre (D:6)
  A centaur (D:7)
  An orc wizard (D:3)
  Natasha (D:2)
  A kobold (D:6)
  A kobold zombie (Ossuary)
7 creatures vanquished.

Grand Total: 207 creatures vanquished

Notes
Turn   | Place    | Note
-------+----------+-------------------------------------------
     0 | D:1      | ImaNewbie the Demonspawn Gladiator began the quest for the Orb.
     0 | D:1      | Reached XP level 1. HP: 16/16 MP: 1/1
    43 | D:1      | Reached skill level 3 in Long Blades
    43 | D:1      | Gained mutation: You have sharp toenails. [demonic ancestry]
    43 | D:1      | Reached XP level 2. HP: 8/22 MP: 2/2
   546 | D:1      | Gained mutation: A weak demonic guardian rushes to your aid. [demonic ancestry]
   546 | D:1      | Reached XP level 3. HP: 25/27 MP: 3/3
   972 | D:1      | Reached skill level 4 in Long Blades
  1142 | D:2      | Noticed Natasha
  1151 | D:2      | Killed Natasha
  1151 | D:2      | Gained mutation: When hurt, damage is shared between your health and your magic reserves. [demonic ancestry]
  1151 | D:2      | Reached XP level 4. HP: 21/33 MP: 4/4
  1268 | D:2      | Found a white marble altar of Elyvilon.
  1268 | D:2      | Found a glowing golden altar of the Shining One.
  1268 | D:2      | Found a glowing silver altar of Zin.
  1283 | D:2      | Noticed Ijyb
  1299 | D:2      | Killed Ijyb
  1622 | D:2      | Reached skill level 5 in Long Blades
  1685 | D:2      | Noticed Robin
  1694 | D:2      | Killed Robin
  2038 | D:2      | Noticed Natasha
  2046 | D:2      | Killed Natasha
  2046 | D:2      | Gained mutation: You have a somewhat thin skeletal structure. (Dex +2, Stealth) [demonic ancestry]
  2046 | D:2      | Reached XP level 5. HP: 19/38 MP: 2/5
  2345 | D:2      | Noticed Natasha
  2352 | D:2      | Killed Natasha
  2395 | D:2      | Found a runed door.
  2555 | D:2      | Noticed Crazy Yiuf
  2563 | D:2      | Killed Crazy Yiuf
  2563 | D:2      | Reached skill level 6 in Long Blades
  3252 | D:3      | Found an ancient bone altar of Kikubaaqudgha.
  3707 | D:3      | Reached XP level 6. HP: 32/44 MP: 4/6
  3960 | D:4      | Found a blossoming altar of Fedhas.
  4019 | D:4      | Noticed Rrauwl's ghost (amateur HuFi)
  4478 | D:4      | Found a staircase to the Ecumenical Temple.
  4488 | Temple   | Entered the Ecumenical Temple
  4770 | Temple   | Became a worshipper of Uskayaw the Reveler
  4813 | D:4      | Reached * piety under Uskayaw
  4817 | D:4      | Killed Rrauwl's ghost
  4817 | D:4      | Reached skill level 7 in Long Blades
  4849 | D:4      | Reached XP level 7. HP: 22/50 MP: 5/7
  4849 | D:4      | Reached ** piety under Uskayaw
  5108 | D:4      | Reached *** piety under Uskayaw
  5412 | D:4      | Found Dieczeun's Antique Armour Boutique.
  5417 | D:4      | Bought a faintly glowing leather armour for 203 gold pieces
  5440 | D:4      | Identified the cursed +0 leather armour "Wufieh" {+Inv MR++ Regen+ Int+4} (You bought it in a shop on level 4 of the Dungeon)
  5627 | D:5      | Entered Level 5 of the Dungeon
  5707 | D:5      | HP: 2/75 [orc warrior/battleaxe (2)]
  5711 | D:5      | Reached skill level 8 in Long Blades
  5754 | D:5      | Reached **** piety under Uskayaw
  5765 | D:5      | Found a sand-covered staircase.
  5769 | Ossuary  | Entered an ossuary
  5916 | Ossuary  | Reached ***** piety under Uskayaw
  5930 | Ossuary  | Reached skill level 9 in Long Blades
  5930 | Ossuary  | Gained mutation: You have a moderately thin skeletal structure. (Dex +4, Stealth+) [demonic ancestry]
  5930 | Ossuary  | Reached XP level 8. HP: 54/56 MP: 8/8
  6015 | D:5      | Gained mutation: You are clumsy. (Dex -2) [potion of mutation]
  6015 | D:5      | Gained mutation: Your body sometimes deteriorates upon taking damage. [potion of mutation]
  6015 | D:5      | Gained mutation: You are somewhat resistant to further mutation. [potion of mutation]
  6296 | D:5      | Reached skill level 1 in Invocations
  6320 | D:5      | Found a white marble altar of Elyvilon.
  6781 | D:6      | Found a blossoming altar of Fedhas.
  6788 | D:6      | Found a stormy altar of Qazlal.
  6790 | D:6      | Found Guwiaf's Armour Emporium.
  6890 | D:6      | Found Gixe's Weapon Shop.
  6918 | D:6      | Found Itaux's General Store.
  6982 | D:6      | Bought a potion of mutation for 27 gold pieces
  6983 | D:6      | Gained mutation: You expend magic power (3 MP) to strengthen your wands. [potion of mutation]
  7345 | D:6      | Found Heulelem's Distillery.
  7445 | D:6      | Found Neirel's Food Shop.
  7474 | D:6      | Reached skill level 5 in Invocations
  7929 | D:7      | Reached skill level 5 in Fighting
  7933 | D:7      | Reached XP level 9. HP: 68/68 MP: 13/13
  8172 | D:7      | Splashed by a human's acid

Skill      XL: |  1  2  3  4  5  6  7  8 |
---------------+-------------------------+-----
Long Blades    | 3 4 5 6 7 9 |  9.3
Invocations    | 6 |  6.8
Fighting       | 5 |  5.5
Throwing       | |  1.7
Dodging        | |  2.6

Action                   |  1- 3 |  4- 6 |  7- 9 || total
-------------------------+-------+-------+-------++-------
Melee: Long sword        |   110 |   188 |   370 ||   668
       Kick              |    23 |    64 |   158 ||   245
Invok: Line Pass         |       |       |     2 ||     2
       Stomp             |       |       |     1 ||     1
  Use: Scroll            |       |    10 |     9 ||    19
       Potion            |       |       |     7 ||     7
 Stab: Sleeping          |     1 |     6 |     8 ||    15
       Distracted        |       |     3 |       ||     3
       Paralysed         |       |       |    10 ||    10
  Eat: Chunk             |     1 |    11 |     7 ||    19
       Meat ration       |       |       |     1 ||     1
Armor: Leather armour    |    42 |    43 |    96 ||   181
       Skin              |       |       |    11 ||    11
Dodge: Dodged            |    93 |   113 |   196 ||   402
       Rpst.: Long sword |    34 |    35 |    71 ||   140
